 Dungeon Crawl Stone Soup version 0.28.0-47-ge53b351184 (webtiles) character file.

Game seed: 5114662132530042819

2641 warriortoast the Thaumaturge (level 9, -12/54 HPs)
             Began as a Deep Elf Fire Elementalist on Feb 10, 2022.
             Was a Follower of Vehumet.
             Killed by an exploding yak (43 damage)
             ... ignited by their inner flame
             ... on level 10 of the Dungeon on Apr 25, 2022.
             The game lasted 00:44:52 (9423 turns).

warriortoast the Thaumaturge (DEFE)                 Turns: 9423, Time: 00:44:53

Health: -12/54     AC:  9    Str:  5    XL:     9   Next: 35%
Magic:  15/25      EV: 12    Int: 25    God:    Vehumet [*.....]
Gold:   8          SH:  0    Dex: 15    Spells: 14/28 levels left

rFire   . . .      SeeInvis .   s - +4 spear
rCold   . . .      Faith    .   (no shield)
rNeg    . . .      Spirit   .   a - +0 robe
rPois   .          Reflect  .   J - +2 helmet
rElec   .          Harm     .   D - +2 cloak {rCorr}
rCorr   +          Rampage  .   I - +0 pair of gloves
Will    .....                   (no boots)
Stlth   ++........              (no amulet)
HPRegen 0.18/turn               (no ring)
MPRegen 0.19/turn               (no ring)

@: no status effects
A: no striking features
a: Renounce Religion


You were on level 10 of the Dungeon.
You worshipped Vehumet.
Vehumet was aware of your devotion.
You visited 1 branch of the dungeon, and saw 8 of its levels.

You collected 338 gold pieces.
You spent 330 gold pieces at shops.

Inventory:

Hand Weapons
 q - a +2 vampiric dagger
 r - a +3 short sword
 s - a +4 spear (weapon)
 C - a +2 quarterstaff of chaos
 G - a +2 spear of venom
Missiles
 d - 2 throwing nets
 k - 18 poisoned darts (quivered)
Armour
 a - a +0 robe (worn)
 p - a +0 cloak
 A - a +0 kite shield
 B - a +0 helmet
 D - a +2 cloak of preservation (worn)
 E - a +2 ring mail of cold resistance
 H - a +0 buckler
 I - a +0 pair of gloves (worn)
 J - a +2 helmet (worn)
Wands
 o - a wand of flame (16)
 F - a wand of iceblast (9)
Scrolls
 c - 2 scrolls of silence
 h - 2 scrolls of identify
 j - a scroll of fear {unknown}
 l - a scroll of blinking {unknown}
 m - 2 scrolls of torment
 n - a scroll of enchant weapon {unknown}
 t - a scroll of noise {unknown}
 u - a scroll of vulnerability {unknown}
 x - a scroll of teleportation {unknown}
 y - a scroll of holy word {unknown}
Potions
 b - 2 potions of resistance
 g - a potion of mutation {unknown}
 i - a potion of ambrosia
 v - a potion of heal wounds {unknown}
 w - a potion of brilliance {unknown}
 z - a potion of cancellation {unknown}


   Skills:
 + Level 5.0 Fighting
 - Level 2.4 Dodging
 - Level 2.4 Stealth
 + Level 10.1 Spellcasting
 - Level 4.4 Conjurations
 + Level 8.7 Fire Magic


You had 14 spell levels left.
You knew the following spells:

 Your Spells              Type           Power      Damage    Failure   Level
a - Foxfire               Conj/Fire      100%       2x1d9     1%          1
b - Scorch                Fire           100%       2d10      1%          2
c - Conjure Flame         Conj/Fire      45%        6-21      1%          3
d - Inner Flame           Hex/Fire       34%        N/A       2%          3
e - Flame Wave            Conj/Fire      45%        2d10      3%          4
f - Summon Small Mammal   Summ           48%        N/A       4%          1

Your spell library contained the following spells:

 Spells                   Type           Power      Damage    Failure   Level
 Sandblast                Erth           24%        2d8       4%          1
 Animate Skeleton         Necr           24%        N/A       4%          1
 Apportation              Tloc           24%        N/A       4%          1
 Sublimation of Blood     Necr           12%        N/A       8%          2
 Petrify                  Tmut/Erth      12%        N/A       43%         4
 Irradiate                Conj/Tmut      11%        3d17      50%         5


Dungeon Overview and Level Annotations

Branches:
Dungeon (7/15)             Temple (0/1) D:5

Altars:
Cheibriados
Makhleb
Nemelex Xobeh
Vehumet
Zin

Shops:
D:7 =[


Message History

As you read the scroll labelled ZACADUDOEQ, it crumbles to dust.
It is a scroll of enchant armour.
Your +1 helmet glows green for a moment.
The yak misses you. The yak gores you but does no damage.
As you read the scroll labelled XAPNOY LEFI, it crumbles to dust.
Wisps of shadow whirl around you...
It was a scroll of summoning.
The yak gores you but does no damage. The yak gores you!
Casting: Scorch (safe; 1% risk of failure)
Confirm with . or Enter, or press ? or * to list all spells.
Flames lash the yak.
The yak is moderately wounded.
The yak's fire resistance burns away.
Your hornet stings the yak.
The yak seems to slow down.
The yak completely misses your troll. The yak gores you! The yak misses you.
Your troll closely misses the yak.
Your troll claws the yak. x2; Your steam dragon bites the yak!
Flame seeps out of the yak.
Your steam dragon barely misses the yak.
Casting: Scorch (safe; 1% risk of failure)
Confirm with . or Enter, or press ? or * to list all spells.
Flames lash the yak.
The yak is burned terribly!
You kill the yak!
Vehumet accepts your kill.
You feel your power returning. The yak gores your troll!
The yak is engulfed in blazing flames.
Flame seeps out of the yak.
The yak closely misses your steam dragon.
Your steam dragon breathes steam at the yak.
The ball of steam hits the yak!!
Vehumet accepts your kill.
The yak explodes!
The fiery explosion engulfs your troll!!!
You kill your troll!
Your troll's corpse dissolves into shadows!
The fiery explosion engulfs your steam dragon!
Your steam dragon is heavily wounded.
The fiery explosion engulfs your hornet!!
You kill your hornet!
Your hornet's corpse dissolves into shadows!
The fiery explosion engulfs you!!!
Ouch! That really hurt!
You die...

.Y.. .Y.. ....
... #..
#..###########
#.Y..Y...Y§§@#
#........YD○§#
#..###########
#. .. .. .. .


You could see 3 yaks and a friendly steam dragon (summoned, catching breath).

Vanquished Creatures
  Prince Ribbit (D:6)
  2 yaks (D:10)
  3 water moccasins
  An orc warrior (D:6)
  An ice beast (D:6)
  2 necrophages (D:5)
  4 ogres
  A phantom (D:4)
  2 gnoll sergeants (D:7)
  A scorpion (D:7)
  A water moccasin skeleton (D:4)
  A wyvern skeleton (D:7)
  A howler monkey (D:6)
  5 hounds
  3 orc priests
  A gnoll shaman (D:7)
  Crazy Yiuf (D:6)
  2 centaur skeletons (D:7)
  A bullfrog skeleton (D:7)
  2 iguanas
  Natasha (thrice) (D:2)
  3 orc wizards
  A hound skeleton (D:5)
  14 gnolls
  4 adders
  A worm (D:4)
  21 orcs
  8 ball pythons
  10 endoplasms
  2 giant cockroaches
  9 goblins
  4 hobgoblins
  4 jackals
  6 kobolds
  6 quokkas
  10 bats
  5 frilled lizards
  7 rats
154 creatures vanquished.

Vanquished Creatures (collateral kills)
  A yak (D:10)
  A foxfire (D:2)
2 creatures vanquished.

Vanquished Creatures (others)
  464 foxfires
  2 plants (D:2)
466 creatures vanquished.

Grand Total: 622 creatures vanquished

Notes
Turn   | Place    | Note
-------+----------+-------------------------------------------
     0 | D:1      | warriortoast the Deep Elf Fire Elementalist began the quest
                  | for the Orb.
     0 | D:1      | Reached XP level 1. HP: 10/10 MP: 6/6
     0 | D:1      | Upgraded the game from 0.28.0 to 0.28.0-47-ge53b351184
   229 | D:1      | Reached XP level 2. HP: 15/15 MP: 4/8
   957 | D:1      | Reached XP level 3. HP: 14/19 MP: 1/10
  1211 | D:1      | Found a faded altar of an unknown god.
  1337 | D:1      | Learned a level 2 spell: Scorch
  1341 | D:1      | Learned a level 3 spell: Conjure Flame
  1345 | D:1      | Learned a level 3 spell: Inner Flame
  1876 | D:2      | Reached skill level 4 in Spellcasting
  1919 | D:2      | Noticed Natasha
  1929 | D:2      | Killed Natasha
  1930 | D:2      | Reached XP level 4. HP: 11/24 MP: 0/12
  2044 | D:2      | Noticed Natasha
  2050 | D:2      | Killed Natasha
  2140 | D:2      | Found a snail-covered altar of Cheibriados.
  2198 | D:2      | Noticed Natasha
  2201 | D:2      | Killed Natasha
  2546 | D:3      | Found a sparkling altar of Nemelex Xobeh.
  2597 | D:3      | Reached XP level 5. HP: 28/28 MP: 9/14
  2755 | D:3      | Reached skill level 5 in Spellcasting
  2820 | D:3      | Found a burning altar of Makhleb.
  3042 | D:3      | Learned a level 4 spell: Flame Wave
  3181 | D:3      | Reached skill level 5 in Fire Magic
  3838 | D:4      | Reached XP level 6. HP: 32/32 MP: 8/16
  4417 | D:4      | Reached skill level 6 in Spellcasting
  4598 | D:4      | Reached XP level 7. HP: 37/37 MP: 10/18
  4705 | D:4      | Found a radiant altar of Vehumet.
  4728 | D:4      | Became a worshipper of Vehumet
  4780 | D:4      | Found a glowing silver altar of Zin.
  5097 | D:4      | Reached skill level 1 in Fighting
  5344 | D:5      | Entered Level 5 of the Dungeon
  5513 | D:5      | Found a staircase to the Ecumenical Temple.
  6097 | D:5      | Reached skill level 7 in Spellcasting
  6454 | D:6      | Found a runed translucent door.
  6455 | D:6      | Noticed Crazy Yiuf
  6553 | D:6      | Reached XP level 8. HP: 45/45 MP: 12/21
  6829 | D:6      | Reached skill level 8 in Spellcasting
  7160 | D:6      | Reached * piety under Vehumet
  7160 | D:6      | Offered knowledge of Sandblast by Vehumet.
  7356 | D:6      | Noticed Prince Ribbit
  7363 | D:6      | Killed Prince Ribbit
  7852 | D:6      | Killed Crazy Yiuf
  7853 | D:6      | Reached skill level 9 in Spellcasting
  8515 | D:7      | Reached XP level 9. HP: 44/52 MP: 6/24
  8722 | D:7      | Learned a level 1 spell: Summon Small Mammal
  8859 | D:7      | Found Mair's Jewellery Boutique.
  9204 | D:7      | Found Yskimel's Antique Armour Shop.
  9218 | D:7      | Bought a buckler for 90 gold pieces
  9218 | D:7      | Bought a pair of gloves for 90 gold pieces
  9218 | D:7      | Bought a glowing helmet for 150 gold pieces
  9398 | D:7      | You fall into a shaft and drop 3 floors!
  9398 | D:10     | Entered Level 10 of the Dungeon
  9410 | D:10     | Reached skill level 5 in Fighting
  9410 | D:10     | Reached skill level 10 in Spellcasting
  9423 | D:10     | Killed by an exploding yak... ignited by their inner flame

Illustrated notes

Levels and vault maps discovered:
D:1:      psy_arrival_terrarium, layout_loops_ring,
          hellmonk_ecumenical_altar_slurped_away, serial_glass, glass_columns_a,
          glass_columns_c, glass_columns_a, glass_columns_c,
          chequers_serial_rivers_small_3, grunt_decor_arrowhead,
          amcnicky_mini_corridor_feature
D:2:      layout_rooms, serial_forest, infiniplex_forest_clump_curved,
          infiniplex_forest_clump_small, infiniplex_forest_end_2,
          infiniplex_forest_clump_long, infiniplex_forest_zigzag_1,
          infiniplex_forest_lined_room_2, basic_altar, uniq_natasha
D:3:      layout_loops_ring, old_standard_altar,
          nemelex_xobeh_ov_fountains_minmay
D:4:      layout_basic, mainiacjoe_overflow_concentric_impassable,
          mainiacjoe_overflow_surrounded_room
D:5:      layout_basic, minmay_temple_entry_glassed_door
D:6:      layout_basic, serial_co_window_serial, co_window_paths_b,
          co_window_paths_a, co_window_paths_b, co_window_paths_a,
          co_window_corner_a, co_window_broadway_c, co_window_broadway_b,
          co_window_2corner, co_window_paths_c, co_window_corner_cb,
          co_window_broadway_a, co_window_of_opportunity_b, glass_columns_b,
          glass_columns_c, glass_columns_c, glass_columns_a,
          uniq_crazy_yiuf_cottage, uniq_prince_ribbit1
D:7:      layout_cave_pools, amethyst_overflow_temple_binary, serial_gnoll_camp,
          gnoll_camp_huts_basic, gnoll_camp_mini_shop, gnoll_camp_medium_01,
          gnoll_camp_mini_shop, minmay_stone_trees_medium
D:10:     layout_small_grid, okawaru_gym_becter, overflow_temple_1_default,
          kennysheep_path_1, minmay_fountain_box

Skill      XL: |  1  2  3  4  5  6  7  8  9 |
---------------+----------------------------+-----
Conjurations   | 2 3 4 |  4.4
Fire Magic     | 4 5 6 8 |  8.7
Spellcasting   | 4 5 6 7 9 10 | 10.1
Fighting       | 2 4 5 |  5.0
Dodging        | |  2.4
Stealth        | |  2.4

Action                   |  1- 3 |  4- 6 |  7- 9 || total
-------------------------+-------+-------+-------++-------
Melee: Short sword       |       |    10 |       ||    10
       Punch             |       |     1 |       ||     1
       Spear             |       |     1 |       ||     1
 Cast: Foxfire           |   107 |   101 |   121 ||   329
       Scorch            |     3 |    16 |    80 ||    99
       Conjure Flame     |     1 |     8 |    10 ||    19
       Flame Wave        |       |       |     2 ||     2
       Summon Small Mamm |       |       |    12 ||    12
       Inner Flame       |       |       |     2 ||     2
  Use: Scroll            |       |     1 |     3 ||     4
       Potion            |       |     1 |       ||     1
Armor: Robe              |     5 |     4 |     9 ||    18
Dodge: Dodged            |    10 |    13 |    31 ||    54
